Map: King's Cove LE

Players

Mixu

  • Race: Zerg Zerg
  • League: Grandmaster
  • Spawn Location: 5:00

DnS - Winner!

  • Race: Protoss Protoss
  • Spawn Location: 11:00

Event: HomeStory Cup XXVI

VOD

Have the link to the VOD?

Description

Time

  • Played on: Nov. 30, 2024, 7:01 a.m.
  • Length: 7:28

All games in this series

Show
View Real Time Build Order
Export as new Build Order

Mixu Zerg 

Build Orders: Hatch First 

Get SALT Encoding   

  12  0:00  Drone  
  13  0:13  Overlord  
  13  0:17  Drone  
  14  0:31  Drone x2  
  16  0:50  Hatchery  
  16  0:52  Drone  
  16  0:55  Drone  
  17  0:58  Drone  
  18  1:09  Extractor  
  17  1:14  Spawning Pool  
  17  1:18  Drone  
  17  1:22  Drone  
  18  1:29  Drone  
  19  1:41  Drone  
  20  1:52  Overlord  
  20  2:01  Queen  
  20  2:02  Zergling x2  
  20  2:04  Drone  
  24  2:08  Queen  
  24  2:15  Metabolic Boost  
  26  2:19  Drone  
  27  2:23  Zergling x2  
  27  2:24  Drone  
  27  2:28  Drone  
  30  2:35  Drone  
  31  2:47  Hatchery  
  31  2:50  Zergling x2  
  31  2:53  Drone  
  31  2:54  Overlord  
  32  2:59  Drone  
  33  3:06  Queen  
  33  3:12  Drone  
  36  3:14  Drone  
  36  3:15  Drone  
  38  3:23  Drone x2  
  38  3:24  Zergling x2  
  38  3:25  Zergling x2  
  42  3:28  Spore Crawler  
  42  3:29  Overlord  
  38  3:40  Drone x3  
  40  3:41  Spore Crawler  
  40  3:45  Zergling x2  
  40  3:46  Drone  
  42  3:48  Drone  
  42  3:50  Drone  
  43  3:55  Drone x2  
  43  3:57  Drone  
  45  4:06  Drone x2  
  45  4:12  Spore Crawler  
  45  4:14  Drone x3  
  45  4:17  Drone  
  45  4:21  Lair  
  45  4:24  Zergling x4  
  45  4:29  Spore Crawler  
  43  4:32  Zergling x4  
  43  4:36  Spore Crawler  
  43  4:44  Zergling x14  
  52  4:50  Queen  
  54  4:56  Overlord  
  54  5:02  Drone x2  
  54  5:05  Drone x2  
  54  5:06  Drone x2  
  58  5:09  Overlord  
  58  5:13  Drone  
  58  5:16  Drone  
  58  5:20  Drone x5  
  62  5:25  Nydus Network  
  62  5:26  Zergling x2  
  60  5:30  Zergling x4  
  60  5:33  Zergling x4  
  63  5:38  Zergling x4  
  61  5:43  Queen  
  63  5:52  Queen, Overlord  
  63  5:55  Zergling x6  
  68  5:59  Zergling x2  
  68  6:00  Zergling x8  
  68  6:03  Nydus Canal  
  73  6:09  Overlord  
  73  6:13  Zergling x4  
  73  6:14  Evolution Chamber  
  72  6:19  Nydus Canal  
  72  6:23  Zergling x10  
  71  6:26  Zergling x10  
  74  6:34  Zergling x2  
  73  6:41  Queen  
  73  6:44  Zergling x10  
  73  6:45  Nydus Canal  
  78  6:50  Zergling x4  
  78  6:55  Zergling x6  
  81  7:02  Overlord  
  81  7:03  Zergling x6  
  84  7:10  Zergling x8  
Show
View Real Time Build Order
Export as new Build Order

DnS Protoss - Winner!

Build Orders: 1 Gate Expand, Oracle Opening 

Get SALT Encoding   

  12  0:00  Probe  
  13  0:12  Probe  
  14  0:19  Pylon  
  14  0:24  Probe  
  15  0:33  Probe  
  15  0:41  Gateway, Probe  
  17  0:51  Assimilator  
  17  0:52  Probe  
  18  1:04  Probe  
  19  1:17  Probe  
  20  1:28  Nexus  
  20  1:40  Cybernetics Core  
  20  1:43  Probe  
  21  1:51  Assimilator  
  21  1:55  Probe  
  21  1:57  Pylon  
  22  2:05  Probe  
  22  2:07  Adept  
  23  2:13  Probe  
  23  2:21  Probe, Stargate  
  27  2:30  Adept, Warp Gate  
  27  2:34  Probe  
  28  2:42  Probe  
  31  2:46  Probe  
  32  2:54  Probe  
  32  2:58  Probe  
  34  3:01  Adept  
  34  3:04  Oracle  
  36  3:13  Probe x2  
  41  3:24  Gateway, Pylon  
  41  3:25  Probe  
  42  3:34  Oracle  
  42  3:39  Probe x2  
  42  3:41  Adept  
  47  3:51  Probe x2  
  49  4:03  Probe x2  
  51  4:15  Nexus, Probe  
  51  4:16  Pylon, Probe  
  53  4:28  Probe  
  54  4:31  Assimilator  
  54  4:32  Assimilator, Probe  
  54  4:34  Oracle  
  56  4:42  Probe  
  56  4:43  Adept x2  
  56  4:44  Probe  
  62  4:48  Robotics Facility  
  62  4:58  Pylon  
  62  5:15  Probe x2  
  62  5:17  Stalker, Adept  
  66  5:21  Forge  
  66  5:22  Gateway  
  66  5:23  Probe x2  
  66  5:24  Probe  
  66  5:27  Pylon  
  63  5:31  Probe x2  
  63  5:33  Probe  
  65  5:41  Probe x3  
  61  5:42  Adept  
  61  5:43  Adept  
  61  5:44  Shield Battery  
  61  5:47  Observer  
  69  5:50  Probe  
  69  5:51  Robotics Facility  
  69  5:52  Robotics Bay  
  69  5:53  Probe x2  
  72  5:58  Probe  
  72  5:59  Pylon  
  72  6:03  Sentry  
  75  6:05  Probe x2  
  75  6:06  Zealot  
  75  6:08  Immortal  
  83  6:29  Zealot x2, Void Ray  
  83  6:30  Probe  
  88  6:38  Shield Battery  
  88  6:40  Observer  
  88  6:50  Shield Battery  
  88  6:51  Photon Cannon  
  88  6:53  Pylon, Photon Cannon  
  90  7:07  Pylon  
  94  7:18  Zealot, Sentry x2  
Tags
 
Add a new tag
Caveats
  • Supply blocks, unpowered buildings, or Contaminate may cause inaccurate times.
  • Supply counts are checked every 10 seconds.